Map: Ever Dream LE

Players

ananth

  • Race: Zerg Zerg
  • League: Platinum
  • Spawn Location: 1:00

Ashiro - Winner!

  • Race: Protoss Protoss
  • League: Diamond
  • Spawn Location: 7:00

VOD

Have the link to the VOD?

Description

Time

  • Played on: Sept. 28, 2020, 9:12 p.m.
  • Length: 7:00
Show
View Real Time Build Order
Export as new Build Order

ananth Zerg 

Build Orders: Hatch First 

Get SALT Encoding   

  12  0:01  Drone  
  13  0:12  Overlord  
  13  0:16  Drone  
  14  0:31  Drone x2  
  16  0:49  Hatchery  
  15  0:53  Drone  
  15  0:56  Drone  
  17  1:04  Drone  
  17  1:10  Extractor  
  17  1:18  Spawning Pool  
  16  1:25  Drone  
  16  1:26  Drone  
  16  1:28  Drone  
  19  1:39  Overlord  
  19  1:53  Drone  
  20  2:05  Queen x2  
  20  2:06  Zergling x4  
  26  2:15  Drone x2  
  28  2:25  Overlord  
  28  2:26  Drone  
  29  2:32  Metabolic Boost  
  29  2:34  Drone x2  
  31  2:41  Queen  
  33  2:46  Drone x2  
  35  3:02  Hatchery  
  35  3:05  Drone  
  35  3:12  Roach Warren  
  34  3:13  Drone  
  35  3:24  Zergling x8  
  35  3:26  Drone  
  40  3:28  Drone  
  40  3:31  Drone  
  42  3:38  Drone  
  42  3:39  Drone  
  44  3:47  Overlord  
  44  3:49  Lair  
  44  3:57  Overlord  
  44  4:02  Pneumatized Carapace  
  44  4:06  Drone x3  
  44  4:07  Drone  
  44  4:09  Spore Crawler  
  47  4:13  Drone, Spore Crawler  
  47  4:16  Roach x2  
  51  4:25  Drone x5  
  56  4:32  Drone x3  
  56  4:36  Roach x2  
  56  4:37  Drone  
  64  4:39  Drone  
  64  4:41  Drone  
  66  4:48  Overlord  
  66  4:49  Overlord  
  70  5:07  Roach x3, Overlord  
  70  5:08  Drone x2  
  70  5:09  Drone x3  
  77  5:15  Extractor  
  77  5:16  Extractor  
  77  5:18  Drone x2  
  77  5:19  Hydralisk Den, Drone  
  77  5:32  Drone x2  
  77  5:33  Drone  
  80  5:37  Queen  
  80  5:40  Drone  
  80  5:41  Overlord  
  83  5:43  Drone x2  
  83  5:44  Extractor  
  83  5:45  Extractor  
  83  5:46  Roach x2  
  87  5:57  Drone  
  87  6:01  Baneling Nest  
  87  6:03  Hatchery, Roach x2  
  87  6:04  Roach x2  
  94  6:08  Overlord  
  94  6:10  Drone x2  
  96  6:11  Drone  
  96  6:12  Drone  
  96  6:13  Overlord  
  96  6:15  Overseer  
  96  6:17  Overlord  
  79  6:35  Zergling x18  
Show
View Real Time Build Order
Export as new Build Order

Ashiro Protoss - Winner!

Build Orders:  

Get SALT Encoding   

  12  0:00  Probe  
  13  0:12  Probe  
  14  0:18  Pylon  
  14  0:24  Probe  
  15  0:36  Probe (Chrono Boost)  
  15  0:42  Gateway  
  16  0:49  Probe (Chrono Boost)  
  17  0:51  Assimilator  
  17  0:55  Probe (Chrono Boost)  
  18  1:03  Probe  
  19  1:06  Assimilator  
  19  1:15  Probe  
  19  1:17  Pylon  
  20  1:27  Probe  
  21  1:39  Probe  
  22  1:40  Cybernetics Core  
  22  1:51  Probe  
  23  2:00  Nexus  
  23  2:04  Probe  
  24  2:14  Gateway  
  24  2:16  Warp Gate (Chrono Boost), Probe  
  25  2:26  Adept (Chrono Boost)  
  25  2:28  Probe  
  28  2:40  Probe  
  29  2:44  Robotics Facility  
  29  2:48  Pylon  
  29  2:57  Probe  
  30  3:03  Pylon  
  30  3:09  Probe  
  31  3:13  Gateway  
  31  3:16  Probe  
  32  3:20  Sentry (Chrono Boost)  
  32  3:21  Probe  
  35  3:28  Probe  
  35  3:32  Gateway  
  35  3:33  Probe  
  37  3:37  Assimilator  
  37  3:39  Assimilator  
  37  3:40  Probe  
  38  3:45  Probe  
  41  3:50  Immortal (Chrono Boost)  
  43  3:56  Probe  
  43  3:59  Sentry  
  43  4:02  Sentry  
  49  4:10  Probe x2 (Chrono Boost), Pylon  
  50  4:21  Probe (Chrono Boost)  
  50  4:22  Probe (Chrono Boost)  
  52  4:26  Probe x2 (Chrono Boost), Immortal  
  58  4:31  Sentry x2  
  58  4:32  Sentry  
  58  4:38  Pylon  
  64  4:39  Pylon  
  64  4:43  Stalker  
  66  4:50  Probe x2  
  68  4:53  Gateway  
  68  5:06  Stalker x3  
  74  5:13  Warp Prism  
  76  5:19  Stalker  
  78  5:24  Pylon  
  78  5:30  Gateway  
  78  5:33  Gateway  
  78  5:38  Stalker  
  78  5:39  Stalker  
  82  5:46  Stalker  
  84  5:58  Stalker x2  
  88  6:08  Pylon  
  88  6:09  Pylon  
  88  6:12  Stalker x3  
  92  6:34  Stalker x4  
  96  6:55  Stalker  
Tags
 
Add a new tag
Caveats
  • Supply blocks, unpowered buildings, or Contaminate may cause inaccurate times.
  • Supply counts are checked every 10 seconds.